 Dungeon Crawl Stone Soup version 0.24-a0-471-g3302cd4 (webtiles) character file.

Game seed: 8754765806250710555

1343 TheGoonsmith the Grave Robber (level 8, 0/74 HPs)
             Began as a Deep Dwarf Necromancer on July 2, 2019.
             Slain by a gnoll sergeant
             ... wielding a +3 spear of pain
              (6 damage)
             ... on level 6 of the Dungeon on July 4, 2019.
             The game lasted 00:18:36 (6721 turns).

TheGoonsmith the Grave Robber (DDNe)                Turns: 6721, Time: 00:18:37

Health: 0/74       AC: 11    Str: 13      XL:     8   Next: 35%
Magic:  2/12       EV: 12    Int: 17      God:
Gold:   352        SH:  0    Dex: 10 (13) Spells: 5/13 levels left

rFire    . . .     SeeInvis .   n - +3 whip (drain)
rCold    . . .     Gourm    .   (no shield)
rNeg     . . .     Faith    .   C - +0 ring mail
rPois    .         Spirit   .   B - +1 helmet
rElec    .         Reflect  .   (no cloak)
rCorr    .         Harm     .   r - +1 pair of gloves
MR       +....                  v - +0 pair of boots
Stlth    +.........             (no amulet)
HPRegen  0.00/turn              (no ring)
MPRegen  0.13/turn              (no ring)

@: non-regenerating
A: damage resistance, heal wounds, sense surroundings 1, no regeneration
a: Heal Wounds


You were on level 6 of the Dungeon.
You were hungry.

You visited 1 branch of the dungeon, and saw 6 of its levels.

You collected 352 gold pieces.

Inventory:

Hand Weapons
 e - a +0 club
 k - a +0 mace
 n - a +3 whip of draining (weapon)
Missiles
 d - 61 poisoned darts (quivered)
Armour
 a - a +0 robe
 j - a -1 leather armour
 r - a +1 pair of gloves (worn)
 v - a +0 pair of boots (worn)
 B - a +1 helmet (worn)
 C - a +0 ring mail (worn)
Wands
 i - a wand of iceblast (4)
Scrolls
 b - 3 scrolls of immolation
 m - 4 scrolls of identify
 p - 2 scrolls of remove curse
 y - a scroll of magic mapping
 A - a scroll of teleportation {unknown}
 E - a scroll of random uselessness
 F - a scroll of torment {unknown}
Potions
 g - 2 potions of might
 h - a potion of agility
 l - a potion of degeneration {unknown}
 o - a potion of ambrosia {unknown}
 q - a potion of lignification {unknown}
 s - a potion of magic {unknown}
 t - a potion of mutation {unknown}
 w - a potion of flight {unknown}
 x - a potion of brilliance {unknown}
 z - a potion of curing {unknown}
Comestibles
 c - 7 rations
 D - a chunk of flesh


   Skills:
 - Level 5.1 Fighting
 - Level 2.3 Maces & Flails
 - Level 4.0 Armour
 + Level 4.7 Dodging
 - Level 2.4 Stealth
 - Level 3.0 Spellcasting
 - Level 7.0 Necromancy


You had 5 spell levels left.
You knew the following spells:

 Your Spells              Type           Power        Failure   Level  Hunger
a - Pain                  Necr           ####         1%          1    None
s - Vampiric Draining     Necr           ####......   6%          3    ###....
z - Animate Dead          Necr           N/A          21%         4    ####...

Your spell library contained the following spells:

 Spells                   Type           Power        Failure   Level  Hunger
 Animate Skeleton         Necr           N/A          1%          1    None
 Regeneration             Chrm/Necr      Unusable     N/A         3    N/A

Dungeon Overview and Level Annotations

Branches:
Dungeon (6/15)
 Temple: D:4-7

Altars:
Sif Muna
Wu Jian
Yredelemnul

Shops:
D:5 %

Annotations:
D:6 1 transporter, Oroborous's ghost, novice TrMo


Innate Abilities, Weirdness & Mutations

You are resistant to damage.
You can heal yourself by infusing magical energy.
You passively map a small area around you.
You do not regenerate.


Message History

It is a scroll of enchant armour.
Really abort (and waste the scroll)?
Okay, then.
The gnoll barely misses you.
The gnoll hits the plant but does no damage.
The gnoll sergeant hits you from afar with a +3 spear of pain.
* * * LOW HITPOINT WARNING * * *
The gnoll shaman hits you but does no damage.
The gnoll hits you with a +1 halberd of electrocution!
* * * LOW HITPOINT WARNING * * *
The gnoll hits you but does no damage.
Okay, then.
It was a potion of cancellation.
Your magical effects are unravelling.
You feel magically purged.
Your magical contamination has completely faded away.
You are no longer glowing.
The gnoll closely misses you.
The gnoll sergeant hits you from afar with a +3 spear of pain!
You die...

####################
#..................###########
#............................#
#..≈≈≈≈≈≈≈≈≈≈≈...≈≈≈≈≈≈≈≈≈≈≈.#
#[.≈≈≈≈≈≈≈≈≈≈≈...≈≈≈≈≈≈≈≈≈≈≈.#
#..≈≈#####...........#####≈≈.#
#..≈≈#.#.#.###.©.###.#.#.#≈≈.#
#..≈≈#...###.#####.###...#≈≈.#
#..≈≈###..gggg@gg......###≈≈.#
#..≈≈.8#g######)###'##.#8.≈≈.#
#..≈≈.##.#.. #8gP#...#.##.≈≈.#
#..≈≈.#g.'. #⌠Wg....'..#.≈≈.#
#..≈≈.##.#.. #8..#..P#.##)≈≈.#
#..≈≈.8#.######'###'##.#8.≈≈.#
#..≈≈###.........g.....###≈≈.#
#..≈≈#...###.#####g###.gg#≈≈.#
#..≈≈#.#.#.###.©.###.#.#g#≈≈.#


You could see 3 gnoll sergeants, a gnoll shaman, Oroborous's ghost and 5 gnolls.

Vanquished Creatures
  3 ogres (D:4)
  2 scorpions
  3 crimson imps
  2 bullfrog zombies
  A quasit (D:6)
  2 orc priests
  3 hounds
  4 orc wizards
  7 worker ants
  A worker ant zombie (D:5)
  10 gnolls
  9 adders
  2 shadow imps
  2 oozes
  An adder zombie (D:5)
  An adder skeleton (D:5)
  2 worms (D:2)
  4 dart slugs
  6 leopard geckos
  14 orcs
  6 giant cockroaches
  11 goblins
  7 hobgoblins
  16 jackals
  2 quokkas
  A ball python (D:3)
  9 bats
  6 frilled lizards
  A jackal skeleton (D:4)
  10 kobolds
  5 rats
153 creatures vanquished.

Vanquished Creatures (others)
  4 plants (D:6)
4 creatures vanquished.

Grand Total: 157 creatures vanquished

Notes
Turn   | Place    | Note
-------+----------+-------------------------------------------
     0 | D:1      | TheGoonsmith the Deep Dwarf Necromancer began the quest for
                  | the Orb.
     0 | D:1      | Reached XP level 1. HP: 15/15 MP: 3/3
   118 | D:1      | Reached XP level 2. HP: 16/22 MP: 1/5
   578 | D:1      | Reached skill level 5 in Necromancy
   578 | D:1      | Reached XP level 3. HP: 15/28 MP: 1/6
   704 | D:1      | Learned a level 3 spell: Vampiric Draining
  1540 | D:2      | Reached skill level 1 in Fighting
  1540 | D:2      | Reached XP level 4. HP: 34/38 MP: 0/8
  2371 | D:3      | Upgraded the game from 0.24-a0-463-g3510def to
                  | 0.24-a0-471-g3302cd4
  2665 | D:3      | Reached XP level 5. HP: 24/45 MP: 2/9
  2785 | D:3      | Reached skill level 6 in Necromancy
  2792 | D:3      | Found an ornate altar of the Wu Jian Council.
  3229 | D:3      | Learned a level 4 spell: Animate Dead
  3861 | D:3      | Reached XP level 6. HP: 50/52 MP: 0/10
  4056 | D:3      | Reached skill level 7 in Necromancy
  4182 | D:4      | Reached skill level 1 in Maces & Flails
  4268 | D:4      | Reached XP level 7. HP: 28/62 MP: 2/11
  5019 | D:5      | Entered Level 5 of the Dungeon
  5042 | D:5      | Reached skill level 5 in Fighting
  5075 | D:5      | Found a deep blue altar of Sif Muna.
  5096 | D:5      | Found Salaz's Food Shoppe.
  5309 | D:5      | Reached skill level 1 in Armour
  5613 | D:5      | Reached XP level 8. HP: 61/74 MP: 5/12
  6134 | D:6      | Found a transporter.
  6146 | D:6      | Identified the cursed +1 scale mail of Lilacs {+Blink MR+
                  | rCorr}
  6185 | D:6      | Found a transporter.
  6234 | D:6      | Noticed Oroborous's ghost (novice TrMo)
  6468 | D:6      | Found a basalt altar of Yredelemnul.
  6721 | D:6      | Slain by a gnoll sergeant

Levels and vault maps discovered:
D:1:      erik_arrival_blinker_ship, layout_rooms, glass_columns_a,
          chequers_serial_rivers_small_b, lemuel_another_geyser
D:2:      layout_basic
D:3:      layout_basic, old_standard_altar, chequers_serial_rivers_micro_c
D:4:      layout_cave_pools
D:5:      layout_basic, basic_altar, serial_shops, nicolae_shop_waterfront,
          first_ration, grunt_decor_fettered
D:6:      layout_rooms, overflow_temple_1_default, gammafunk_ghost_gnarly_gnolls

Skill      XL: |  1  2  3  4  5  6  7  8 |
---------------+-------------------------+-----
Spellcasting   | 2 3 |  3.0
Necromancy     | 5 6 7 |  7.0
Fighting       | 1 2 3 5 |  5.1
Maces & Flails | 2 |  2.3
Armour         | 2 4 |  4.0
Dodging        | 3 4 |  4.7
Stealth        | |  2.4

Action                   |  1- 3 |  4- 6 |  7- 9 || total
-------------------------+-------+-------+-------++-------
Melee: Club              |    20 |       |       ||    20
       Mace              |     7 |       |       ||     7
       Whip              |     3 |    98 |   226 ||   327
Throw: Dart              |     1 |       |       ||     1
 Cast: Pain              |    55 |    43 |    12 ||   110
       Vampiric Draining |     9 |    37 |    43 ||    89
  Use: Scroll            |       |       |     8 ||     8
       Potion            |       |       |     1 ||     1
 Stab: Sleeping          |       |     1 |     2 ||     3
  Eat: Chunk             |     3 |    14 |    12 ||    29
Armor: Robe              |     3 |       |       ||     3
       Leather armour    |    10 |    31 |   134 ||   175
       Ring mail         |       |       |    16 ||    16
Dodge: Dodged            |    35 |    89 |   222 ||   346

Table legend:
 A = Non-vault XP
 B = Vault XP
 C = Vault XP percentage of total XP
 D = Non-vault monster count
 E = Vault monster count
 F = Vault count percentage of total count
                 A         B        C        D         E       F
            +---------+---------+-------+---------+---------+-------
      Total |    1891 |      28 |   1.5 |     151 |       2 |   1.3
            +---------+---------+-------+---------+---------+-------
        D:1 |      56 |       0 |   0.0 |      29 |       0 |   0.0
        D:2 |      85 |       0 |   0.0 |      22 |       0 |   0.0
        D:3 |     266 |       0 |   0.0 |      41 |       0 |   0.0
        D:4 |     697 |       0 |   0.0 |      25 |       0 |   0.0
        D:5 |     408 |       0 |   0.0 |      21 |       0 |   0.0
        D:6 |     379 |      28 |   6.9 |      13 |       2 |  13.3
            +---------+---------+-------+---------+---------+-------
